 Dungeon Crawl Stone Soup version 0.18-a0-116-g2d311b1 (webtiles) character file.

8348 ReteAZ the Cruncher (level 11, -3/96 HPs)
             Began as a Gargoyle Gladiator on Nov 16, 2015.
             Was a High Priest of Okawaru.
             Slain by a yak (7 damage)
             ... on level 1 of the Lair of Beasts.
             The game lasted 00:34:58 (11573 turns).

ReteAZ the Cruncher (Gargoyle Gladiator)           Turns: 11573, Time: 00:34:59

Health: -3/96      AC: 25    Str: 20    XL:     11   Next: 29%
Magic:  12/13      EV:  2    Int:  8    God:    Okawaru [*****.]
Gold:   457        SH:  0    Dex: 13    Spells: 0 memorised, 10 levels left

rFire  . . .     SeeInvis .     a - +0 quarterstaff
rCold  . . .     Clarity  .     (armour currently unavailable)
rNeg   + + +     SustAt   .     (shield currently unavailable)
rPois  ∞         Gourm    .     (helmet currently unavailable)
rElec  .         Spirit   .     (cloak currently unavailable)
rCorr  .         Warding  .     (gloves currently unavailable)
rMut   .         NoTele   +     (boots currently unavailable)
MR     .....                    (no amulet)
Stlth  +.........               (no ring)
                                (no ring)

@: tree-form, not resistant to hostile enchantments, very unstealthy
A: negative energy resistance 1, sense surroundings 1, (electricity resistance),
(unbreathing), petrification resistance, rot immunity, AC +7
a: Heroism, Finesse, Renounce Religion


You were on level 1 of the Lair of Beasts.
You worshipped Okawaru.
Okawaru was extremely pleased with you.
You were not hungry.
You were a tree.
You visited 3 branches of the dungeon, and saw 13 of its levels.

You collected 457 gold pieces.

Inventory:

Hand Weapons
 a - a +0 quarterstaff (weapon)
 t - a +0 quarterstaff
 H - the +4 spear of an ossuary {pierce, -Tele +Inv MR+++ MP+9}
   (You found it on level 7 of the Dungeon)

   It inflicts extra damage upon your enemies.
   It affects your resistance to hostile enchantments.
   It affects your magic capacity (+9).
   It lets you turn invisible.
   It prevents most forms of teleportation.
Missiles
 q - 15 tomahawks
 D - 5 needles of slowing
 N - 3 javelins (quivered)
Armour
 b - a +0 leather armour
 c - a +0 helmet
 h - a +0 pair of gloves (melded)
 k - a +0 leather armour of fire resistance
 p - a +1 helmet (melded)
 w - the +1 leather armour of Untold Secrets {rPois Str+4}
   (You found it on level 5 of the Dungeon)

   It affects your strength (+4).
   It protects you from poison.
 z - a +0 cloak (melded)
 B - the +2 ring mail of the Orb Guardian (melded) {rPois rCorr}
   (You found it on level 9 of the Dungeon)

   It protects you from poison.
   It protects you from acid and corrosion.
Magical Staves
 m - an uncursed staff of earth
Jewellery
 y - an uncursed amulet of resist mutation {unknown}
Wands
 A - a wand of magic darts (16)
 C - a wand of cold (9)
 E - a wand of slowing (33)
 F - a wand of paralysis (11)
Scrolls
 d - 6 scrolls of remove curse
 j - a scroll of random uselessness
 l - a scroll of immolation
 n - 3 scrolls of identify
 o - 2 scrolls of teleportation
 u - 2 scrolls of amnesia
 G - 2 scrolls of fog
 O - a scroll of enchant armour {unknown}
Potions
 f - 7 potions of curing
 i - a potion of flight
 s - 2 potions of agility
 x - a potion of lignification
 K - a potion of haste {unknown}
Books
 v - a book of Dreams

   Spells                             Type                      Level
   a - Ensorcelled Hibernation        Hexes/Ice                    2
   b - Phase Shift                    Translocation                5
   c - Shadow Creatures               Summoning                    5
   d - Silence                        Hexes/Air                    5
   e - Darkness                       Hexes                        6
   f - Mass Confusion                 Hexes                        6
Comestibles
 e - 9 bread rations {@e1}
 g - 5 meat rations {@e2}
 r - 2 beef jerkies
 L - a slice of pizza
 M - 3 fruits


   Skills:
 - Level 6.1 Fighting
 - Level 14.0 Staves
 - Level 1.7 Throwing
 - Level 8.2 Armour
 - Level 2.4 Dodging
 + Level 2.7 Invocations


You had 10 spell levels left.
You didn't know any spells.

Dungeon Overview and Level Annotations

Branches:
Dungeon (11/15)            Temple (1/1) D:5            Lair (1/8) D:8
    Orc: D:9-12

Altars:
Ashenzari
Cheibriados
Dithmenos
Elyvilon
Fedhas
Gozag
Kikubaaqudgha
Makhleb
Nemelex Xobeh
Okawaru
Qazlal
Ru
Sif Muna
Trog
Vehumet
Xom
Yredelemnul
Zin
The Shining One

Shops:
D:4 *!(=   D:8 !


Innate Abilities, Weirdness & Mutations

You are resistant to torment.
((Your stone body is resilient (AC +7).))
You are immune to poison.
You resist negative energy.
((You are resistant to electric shocks.))
((You can survive without breathing.))
You are immune to petrification.
You are immune to rotting.
You passively map a small area around you.


Message History

* * * LOW HITPOINT WARNING * * *
You barely miss the yak.
The yak is almost dead.
The yak gores you.
* * * LOW HITPOINT WARNING * * *
You hit the yak but do no damage.
The yak is almost dead.
The yak gores you but does no damage.
You hit the yak.
You kill the yak!
Okawaru accepts your kill.
You barely miss the yak. The yak barely misses you.
You closely miss the yak. The yak gores you!
* * * LOW HITPOINT WARNING * * *
You hit the yak.
The yak is lightly wounded.
You hit the yak.
The yak is lightly wounded.
The yak gores you!
You die...

##### * ##.#.# #### #####
#######....## ##..#####P..#
####.#.........###...........#
...............##.............
...............##.............
,
..............##...#........(.
.......<....†Y................
#...........#♣####............
##.........#### #.#...........
##........# ##............
###....l†.# ##...........
#.......Y.# ##.......... ,
..#.#P..## #..........
..###.(..P# ##........# **
#.#..## #........# #...###
###......#


You could see a yak.

Vanquished Creatures
  An unseen horror (D:10)
  A hill giant (D:10)
  Pikel (D:8)
  A troll (D:10)
  A harpy skeleton (D:10)
  A spriggan (D:9)
  A wraith (D:9)
  A deep elf mage (D:10)
  4 yaks (Lair:1)
  A basilisk (Lair:1)
  A steam dragon (D:9)
  3 orc warriors
  An ice beast (D:8)
  6 sky beasts
  2 centaurs (D:10)
  9 ogres
  2 phantoms
  6 giant frogs
  A big kobold (D:11)
  5 scorpions
  A water moccasin skeleton (D:8)
  12 killer bees
  5 crimson imps
  A gnoll shaman (D:5)
  A quasit (D:10)
  4 giant frog zombies
  2 orc priests
  4 orc wizards
  8 worker ants
  3 hounds
  3 centaur skeletons
  2 giant frog skeletons
  7 jellies
  2 iguanas
  A killer bee zombie (D:10)
  A hound zombie (D:10)
  3 hound skeletons
  10 gnolls
  8 adders
  5 shadow imps
  3 oozes
  3 worms
  An adder skeleton (D:4)
  5 giant geckos
  18 orcs
  4 giant cockroaches
  8 goblins
  8 hobgoblins
  15 kobolds
  6 quokkas
  5 bats
  A giant gecko skeleton (D:4)
  4 giant newts
  4 jackals
  A jackal skeleton (D:5)
  9 rats
227 creatures vanquished.

Vanquished Creatures (others)
  A slave (D:8)
1 creature vanquished.

Grand Total: 228 creatures vanquished

Notes
Turn   | Place    | Note
--------------------------------------------------------------
     0 | D:1      | ReteAZ the Gargoyle Gladiator began the quest for the Orb.
     0 | D:1      | Reached XP level 1. HP: 12/12 MP: 1/1
   243 | D:1      | Reached XP level 2. HP: 14/17 MP: 2/2
   286 | D:1      | Reached skill level 4 in Staves
   451 | D:1      | Reached XP level 3. HP: 18/21 MP: 3/3
   954 | D:2      | Found a shattered altar of Ashenzari.
   995 | D:2      | Reached XP level 4. HP: 17/26 MP: 4/4
  1134 | D:2      | Reached skill level 5 in Staves
  1700 | D:2      | Reached XP level 5. HP: 28/30 MP: 5/5
  2236 | D:3      | Found a glowing silver altar of Zin.
  2461 | D:4      | Gained mutation: Your mind is acute. (Int +2) [potion of mutation]
  2461 | D:4      | Lost mutation: Your mind is acute. (Int +2) [potion of mutation]
  2461 | D:4      | Gained mutation: You passively map a small area around you. [potion of mutation]
  2505 | D:4      | Found Fyseniop's Weapon Shop.
  2577 | D:4      | Noticed an ogre
  2628 | D:4      | Found a basalt altar of Yredelemnul.
  2668 | D:4      | Reached skill level 6 in Staves
  2669 | D:4      | HP: 2/45 [ogre/giant club (5)]
  2674 | D:4      | Killed an ogre
  2674 | D:4      | Reached XP level 6. HP: 2/35 MP: 6/6
  3064 | D:4      | Found Nuttouha's Jewellery Boutique.
  3453 | D:4      | Reached skill level 7 in Staves
  3548 | D:4      | Found Muykk's Distillery.
  3555 | D:4      | Found Suoxieku's Assorted Antiques.
  3564 | D:4      | Found a stormy altar of Qazlal.
  3739 | D:5      | Entered Level 5 of the Dungeon
  3739 | D:5      | Found a staircase to the Ecumenical Temple.
  3897 | D:4      | Reached XP level 7. HP: 19/40 MP: 7/7
  4033 | D:5      | Reached skill level 8 in Staves
  4076 | Temple   | Entered the Ecumenical Temple
  4092 | Temple   | Became a worshipper of Warmaster Okawaru
  4346 | D:5      | Reached skill level 9 in Staves
  4436 | D:5      | Reached * piety under Okawaru
  4436 | D:5      | Reached XP level 8. HP: 33/44 MP: 8/8
  4772 | D:5      | Got a polished leather armour
  4783 | D:5      | Identified the cursed +1 leather armour of Untold Secrets {rPois Str+4} (You found it on level 5 of the Dungeon)
  5050 | D:6      | Reached skill level 10 in Staves
  5605 | D:6      | Reached ** piety under Okawaru
  5615 | D:6      | Reached skill level 11 in Staves
  5742 | D:6      | Reached XP level 9. HP: 44/48 MP: 9/9
  6500 | D:7      | Got an iridescent spear
  6501 | D:7      | Identified the +4 spear of an ossuary {pierce, -Tele +Inv MR+++ MP+9} (You found it on level 7 of the Dungeon)
  6518 | D:7      | Found a burning altar of Makhleb.
  6518 | D:7      | Found a deep blue altar of Sif Muna.
  6780 | D:8      | Reached skill level 12 in Staves
  6954 | D:8      | Found a sacrificial altar of Ru.
  7084 | D:8      | Noticed Pikel
  7126 | D:8      | Killed Pikel
  7126 | D:8      | Reached *** piety under Okawaru
  7265 | D:8      | Reached skill level 13 in Staves
  7443 | D:8      | Found a staircase to the Lair.
  7451 | D:8      | Found Hereont's Distillery.
  7913 | D:9      | Found an ancient bone altar of Kikubaaqudgha.
  8008 | D:9      | Found a shadowy altar of Dithmenos.
  8080 | D:9      | Reached XP level 10. HP: 46/53 MP: 10/10
  8086 | D:9      | Reached **** piety under Okawaru
  8195 | D:9      | Got a spiked ring mail
  8206 | D:9      | Identified the +2 ring mail of the Orb Guardian {rPois rCorr} (You found it on level 9 of the Dungeon)
  8265 | D:9      | Reached skill level 14 in Staves
  8624 | D:9      | Reached skill level 1 in Armour
  9133 | D:10     | Entered Level 10 of the Dungeon
  9136 | D:10     | Noticed a hill giant
  9152 | D:10     | Killed a hill giant
  9250 | D:10     | Reached ***** piety under Okawaru
  9426 | D:10     | Reached skill level 5 in Fighting
  9622 | D:10     | Reached skill level 5 in Armour
  9930 | D:10     | Received a gift from Okawaru
 10337 | D:10     | Reached XP level 11. HP: 35/64 MP: 11/11
 11074 | D:10     | Killed an unseen horror
 11433 | Lair:1   | Entered Level 1 of the Lair of Beasts
 11537 | Lair:1   | Reached skill level 1 in Invocations
 11571 | Lair:1   | HP: 4/96 [yak (7)]
 11573 | Lair:1   | Slain by a yak

Vault maps used:
D:1:      dpeg_arrival_sounds_slurp, serial_curves, eino_curves_03,
          eino_curves_04, minmay_misc_feat_diagonals
D:2:      evilmike_ruin_ashenzari
D:3:      overflow_temple_1_default, first_bread
D:4:      kennysheep_big_flooded_room, lemuel_doored_altar, grunt_qazlal_clouds,
          serial_shops, shop, nicolae_shop_stone, shop, shop
D:5:      minmay_temple_entry_mist, kennysheep_generic_room_5
D:6:      lemuel_ice_spiral_2, st_stairs_1
D:7:      gammafunk_temple_overflow_elements
D:8:      lair_0_dummy, basic_altar, serial_shops, nicolae_shop_trees,
          uniq_pikel
D:9:      grunt_dithmenos_shadows, lemuel_crystal_altar, the_bakery
D:10:     minmay_misc_feat_tiny, kennysheep_kite_vault
D:11:     nicolae_benzene_ring, uniq_maud
Temple:   circular_temple_12
Lair:1:   grunt_megastairs_2, serial_bayou_shore_b

Action                   |  1- 3 |  4- 6 |  7- 9 | 10-12 || total
-------------------------+-------+-------+-------+-------++-------
Melee: Quarterstaff      |   121 |   140 |   411 |   447 ||  1119
       Spear             |       |       |    59 |       ||    59
Throw: Tomahawk          |       |    13 |     5 |    25 ||    43
       Throwing net      |       |     6 |       |       ||     6
       Javelin           |       |       |    29 |    64 ||    93
  Use: Scroll            |       |     5 |     7 |     1 ||    13
       Potion            |       |     2 |     1 |     5 ||     8
 Stab: Sleeping          |       |     1 |       |       ||     1
  Eat: Chunk             |       |     8 |    13 |     8 ||    29
       Beef jerky        |       |     1 |       |     3 ||     4
